Map: Submarino EE

Players

MrFercho

  • Race: Zerg Zerg
  • League: Silver
  • Spawn Location: 11:00

Marley - Winner!

  • Race: Protoss Protoss
  • League: Gold
  • Spawn Location: 5:00

VOD

Have the link to the VOD?

Description

Time

  • Played on: July 4, 2020, 11:32 a.m.
  • Length: 11:37
Show
View Real Time Build Order
Export as new Build Order

MrFercho Zerg 

Build Orders: Hatch First 

Get SALT Encoding   

  12  0:01  Drone  
  13  0:11  Drone  
  14  0:17  Overlord  
  14  0:35  Drone x2  
  16  0:47  Drone  
  17  1:00  Hatchery  
  17  1:01  Drone  
  17  1:14  Spawning Pool  
  17  1:15  Drone  
  17  1:34  Drone  
  17  1:36  Drone x2  
  20  1:40  Extractor  
  19  1:47  Drone  
  20  2:00  Drone  
  21  2:07  Overlord  
  21  2:12  Queen  
  23  2:24  Drone  
  23  2:25  Drone x2  
  26  2:31  Queen  
  26  2:32  Overlord  
  26  2:34  Drone  
  29  2:54  Lair  
  29  2:58  Drone x4  
  33  3:09  Roach Warren  
  33  3:11  Queen  
  34  3:13  Drone x3  
  34  3:14  Evolution Chamber  
  34  3:16  Extractor  
  35  3:23  Drone  
  36  3:45  Overlord x3  
  36  3:48  Drone x6  
  37  3:55  Extractor  
  41  3:57  Glial Reconstitution  
  41  3:58  Zerg Missile Weapons Level 1  
  41  4:01  Roach  
  41  4:37  Spore Crawler  
  31  4:50  Drone  
  31  4:51  Drone x7  
  36  5:04  Overseer  
  36  5:11  Overseer  
  36  5:19  Roach x4  
  44  5:33  Spore Crawler  
  43  5:35  Spore Crawler  
  40  5:54  Drone x7  
  40  5:55  Hydralisk Den, Drone x2  
  48  5:57  Overlord  
  48  6:39  Drone x2  
  53  6:40  Drone x7  
  57  6:48  Zerg Missile Weapons Level 2  
  57  6:56  Roach x2, Evolution Chamber  
  60  7:11  Queen  
  62  7:19  Extractor  
  62  7:21  Hydralisk Den  
  60  7:23  Overlord x3  
  60  7:24  Overlord  
  60  7:25  Overlord x2  
  60  7:43  Hatchery  
  59  7:49  Hatchery  
  59  7:51  Zerg Ground Armor Level 1  
  58  7:57  Drone  
  58  7:58  Drone  
  60  8:05  Grooved Spines  
  60  8:06  Muscular Augments  
  60  8:15  Lurker Den  
  60  8:18  Drone x2  
  60  8:19  Spire  
  60  8:26  Drone  
  61  8:27  Drone  
  61  8:28  Spine Crawler  
  61  8:29  Spine Crawler  
  61  8:30  Drone  
  61  8:31  Drone x7  
  68  8:57  Hatchery  
  67  9:12  Drone x9  
  76  9:17  Extractor  
  76  9:19  Extractor  
  76  9:21  Overlord x3  
  76  9:22  Overlord x5  
  74  9:27  Overseer  
  74  9:49  Drone x2  
  74  9:50  Drone x3  
  74  9:51  Drone  
  80  9:54  Drone x7  
  87  10:23  Overlord x3  
  87  10:24  Overlord  
  87  10:26  Hydralisk  
  87  10:27  Hydralisk x6  
  94  10:40  Hydralisk x5  
  98  10:43  Pneumatized Carapace  
  98  10:49  Hydralisk  
  92  10:50  Hydralisk  
  76  11:03  Hydralisk x3  
  52  11:12  Hydralisk x4  
Show
View Real Time Build Order
Export as new Build Order

Marley Protoss - Winner!

Build Orders: 1 Gate Expand, Oracle Opening 

Get SALT Encoding   

  12  0:01  Probe  
  13  0:13  Probe  
  14  0:19  Pylon  
  14  0:25  Probe  
  15  0:35  Probe  
  15  0:40  Gateway  
  16  0:46  Probe  
  16  0:47  Assimilator  
  16  0:56  Probe  
  18  1:08  Probe  
  19  1:21  Probe  
  20  1:30  Nexus  
  20  1:40  Cybernetics Core  
  20  1:42  Probe  
  21  1:50  Pylon  
  21  1:55  Probe  
  21  1:58  Assimilator  
  22  2:07  Stalker, Probe  
  23  2:19  Probe  
  23  2:20  Warp Gate  
  26  2:29  Gateway  
  26  2:33  Probe  
  27  2:41  Stalker  
  27  2:43  Probe  
  30  2:52  Stargate  
  30  2:58  Probe x2  
  32  3:07  Gateway  
  32  3:10  Probe  
  32  3:11  Probe  
  34  3:22  Probe  
  34  3:23  Probe  
  34  3:25  Oracle  
  36  3:29  Stalker  
  38  3:34  Probe  
  38  3:35  Probe  
  43  3:44  Pylon  
  43  3:47  Probe  
  44  3:48  Pylon, Probe  
  44  3:53  Assimilator  
  45  3:58  Probe  
  45  3:59  Oracle, Probe  
  45  4:00  Assimilator  
  47  4:06  Probe  
  50  4:11  Probe  
  50  4:16  Probe  
  52  4:23  Probe  
  54  4:28  Probe  
  55  4:35  Probe  
  55  4:36  Pylon  
  56  4:40  Probe  
  57  4:48  Probe  
  55  4:53  Probe  
  55  4:58  Twilight Council  
  56  5:00  Robotics Facility, Probe  
  56  5:05  Probe  
  58  5:11  Zealot x3  
  64  5:15  Nexus  
  64  5:51  Charge  
  64  5:56  Zealot  
  64  5:57  Zealot x2  
  68  6:01  Pylon  
  68  6:03  Pylon  
  70  6:06  Pylon  
  70  6:09  Templar Archives  
  70  6:12  Assimilator  
  70  6:14  Immortal  
  70  6:16  Assimilator  
  70  6:18  Pylon  
  70  6:20  Pylon  
  70  6:21  Gateway  
  70  6:23  Gateway, Pylon  
  70  6:25  Gateway  
  74  6:27  Gateway  
  74  6:28  Gateway  
  74  6:38  Zealot x3  
  80  6:43  Probe  
  80  6:44  Probe x2  
  83  6:51  Probe  
  83  6:56  Probe x2  
  83  6:59  Probe  
  88  7:08  Probe x2  
  88  7:11  Probe  
  90  7:20  Probe  
  91  7:23  Probe  
  91  7:28  Zealot  
  91  7:29  Zealot x7  
  108  7:35  Probe  
  109  7:42  Observer  
  110  7:47  Probe  
  110  7:49  Pylon  
  110  7:50  Pylon  
  110  7:51  Zealot x6  
  115  7:52  Pylon, Zealot  
  115  7:56  Observer  
  115  7:58  Pylon  
  126  8:06  Forge  
  126  8:08  Forge  
  126  8:13  Immortal  
  130  8:23  Protoss Ground Armor Level 1, Protoss Ground Weapons Level 1  
  130  8:38  Zealot x8  
  146  8:51  Robotics Bay  
  146  8:53  Probe x2  
  148  9:02  High Templar x3  
  150  9:03  High Templar x5  
  150  9:09  Pylon  
  164  9:10  Pylon  
  164  9:12  Pylon  
  164  9:19  Gateway  
  164  9:20  Gateway  
  164  9:21  Gateway, Gravitic Boosters  
  164  9:22  Gateway  
  164  9:23  Archon x3  
  164  9:25  Archon  
  164  9:43  Zealot x8  
  180  9:52  Pylon  
  180  9:53  Pylon  
  180  9:54  Immortal  
  184  10:15  Gravitic Drive  
  183  10:31  Warp Prism  
Tags
 
Add a new tag
Caveats
  • Supply blocks, unpowered buildings, or Contaminate may cause inaccurate times.
  • Supply counts are checked every 10 seconds.